cohdb
Replays
Latest Replays
All Replays
Popular Replays
Top Player Replays
Match Explorer
How It Works
Community
CoH3 Stats
Reddit
Sign in to upload your games and track your stats! →
Sign in with Steam
Match 42947154
Unlisted
Match 42947154
Overview
Messages
Build Orders
End
Kradschützen Motorcycle Team
Kradschützen Motorcycle Team
Selects Armored Support Battlegroup
Selects Armored Support Battlegroup
250 Light Carrier
Construct Light Support Kompanie
Assault Grenadier Squad
Selects Superior Fire Drills
MG34 Team
Construct Mechanized Kompanie
Panzerjäger Mechanized Group
Selects Salvage Kits
Vehicle Survival Package
8 Rad Armored Car
Veteran Squad Leaders
254 Reconnaissance Tractor
Panzerjäger Squad
8 Rad Armored Car
Tungsten Core Ammunition
Assault Grenadier Squad
Selects Flammpanzer III Medium Tank
Support Armor Elements
2.5-tonne Medical Truck
Willaguy
IJkoek
0
0
Comments
sign in to comment!
No comments posted yet!